Map: Neon Violet Square LE

Players

axu

  • Race: Protoss Protoss
  • League: Platinum
  • Spawn Location: 11:00

A.I. 1 (Very Hard) - Winner!

  • Race: Zerg Zerg
  • Spawn Location: 5:00

VOD

Have the link to the VOD?

Description

Time

  • Played on: Jan. 5, 2018, 8:28 a.m.
  • Length: 1:34
Show
View Real Time Build Order
Export as new Build Order

axu Protoss 

Build Orders:  

Get SALT Encoding   

  12  0:01  Probe  
  13  0:17  Probe  
  14  0:32  Pylon  
  14  0:50  Pylon  
  14  1:02  Pylon  
  14  1:20  Gateway  
Show
View Real Time Build Order
Export as new Build Order

A.I. 1 (Very Hard) Zerg - Winner!

Build Orders: Pool First 

Get SALT Encoding   

  12  0:00  Drone  
  13  0:13  Overlord  
  13  0:18  Drone  
  14  0:31  Drone x2  
  14  0:34  Drone  
  17  0:49  Spawning Pool  
  16  0:50  Drone  
  17  1:11  Hatchery  
  17  1:15  Drone  
  17  1:18  Extractor  
  16  1:19  Extractor  
  16  1:22  Drone  
Tags
 
Add a new tag
Caveats
  • Supply blocks, unpowered buildings, or Contaminate may cause inaccurate times.
  • Supply counts are checked every 10 seconds.